 Dungeon Sprint DCSS version 0.19.1 (webtiles) character file.

298 blodskaal the Grappler (level 6, -2/68 HPs)
             Began as a Troll Berserker on Dec 9, 2016.
             Was a Believer of Trog.
             Slain by Sonja
             ... wielding a +1 dagger of distortion
              (4 damage)
             ... in the Dungeon (Sprint I: "Red Sonja").
             The game lasted 00:03:42 (179 turns).

blodskaal the Grappler (Troll Berserker)             Turns: 179, Time: 00:03:42

Health: -2/68      AC:  5    Str: 26    XL:     6   Next: 13%
Magic:  5/5        EV: 12    Int:  3    God:    Trog [**....]
Gold:   310        SH:  0    Dex: 11    Spells: 0 memorised, 5 levels left

rFire  . . .     SeeInvis .       - Unarmed
rCold  . . .     Gourm    +     a - +0 animal skin
rNeg   . . .     Faith    .     (no shield)
rPois  .         Spirit   .     (helmet restricted)
rElec  .         Reflect  .     (no cloak)
rCorr  .         Harm     .     (gloves unavailable)
MR     .....     NoTele   +     (boots unavailable)
Stlth  +.........               (no amulet)
                                (no ring)
                                (no ring)

@: hasted, very quick
A: unfitting armour, claws 3, fast metabolism 3, gourmand, regeneration 1,
shaggy fur 1, tough skin 2
a: Berserk, Trog's Hand, Burn Spellbooks, Renounce Religion


You were in the Dungeon.
You worshipped Trog.
Trog was pleased with you.
You were not hungry.

You visited 1 branch You collected 310 gold pieces.

Inventory:

Armour
 a - a +0 animal skin (worn)
Scrolls
 h - a scroll of blinking
Potions
 c - a potion of curing
 d - a potion of heal wounds
 f - 2 potions of magic
Comestibles
 b - 3 bread rations


   Skills:
 + Level 6.5 Fighting
 + Level 6.5 Dodging
 + Level 8.4 Unarmed Combat


You had 5 spell levels left.
You didn't know any spells.

Dungeon Overview and Level Annotations

Branches:
Dungeon (1/1)

Altars:
Sif Muna
Vehumet

Annotations:
D Sonja


Innate Abilities, Weirdness & Mutations

You are too large for most types of armour.
You have claws for hands.
Your metabolism is lightning-fast.
You like to eat raw meat.
Your natural rate of healing is unusually fast.
You are covered in fur. (AC +1)
You have very tough skin. (AC +2)


Message History

Found 54 gold pieces.
You barely miss Sonja. Sonja barely misses you.
Sonja hits you but does no damage. Space bends around you.
Sonja hits you but does no damage. Space warps horribly around you!
You miss Sonja.
Sonja hits you with an uncursed dagger of distortion.
Space bends around you.
Sonja hits you with an uncursed dagger of distortion.
You feel a strange sense of stasis. Sonja barely misses you.
Okay, then.
You feel yourself speed up.
Sonja hits you with an uncursed dagger of distortion!
Space bends around you. Sonja hits you but does no damage.
Space warps horribly around you! Sonja hits you but does no damage.
Space warps horribly around you!
* * * LOW HITPOINT WARNING * * *
Sonja hits you with an uncursed dagger of distortion.
* * * LOW HITPOINT WARNING * * *
Space bends around you.
You die...

################
#<.#..').#..'..#
#..'[.#..').#..+
#..#####'#####'#
#..# #..#...#.#
#..# ####..##.#
#..# ##'#..+
#⌠⌠# +..._# ####
#@K#+# ##'# .#
.$ §$# .## +#


You could see Sonja.

Vanquished Creatures
  Sigmund (D)
  An ogre (D)
  A jelly (D)
  Ijyb (D)
4 creatures vanquished.

Notes
Turn   | Place    | Note
-------+----------+-------------------------------------------
     0 | D        | blodskaal the Troll Berserker began the quest for the Orb.
     0 | D        | Reached XP level 1. HP: 22/22 MP: 0/0
     1 | D        | Noticed Ijyb
    11 | D        | Killed Ijyb
    11 | D        | Reached skill level 4 in Unarmed Combat
    11 | D        | Reached XP level 2. HP: 31/31 MP: 1/1
    14 | D        | Noticed an ogre
    18 | D        | Killed an ogre
    18 | D        | Reached skill level 5 in Dodging
    18 | D        | Reached skill level 6 in Unarmed Combat
    18 | D        | Reached XP level 3. HP: 25/41 MP: 2/2
    18 | D        | Reached XP level 4. HP: 30/49 MP: 3/3
    51 | D        | Noticed Sigmund
    67 | D        | Killed Sigmund
    67 | D        | Reached ** piety under Trog
    67 | D        | Reached skill level 8 in Unarmed Combat
    67 | D        | Reached XP level 5. HP: 28/61 MP: 4/4
    67 | D        | Reached XP level 6. HP: 32/68 MP: 5/5
   133 | D        | Found a deep blue altar of Sif Muna.
   135 | D        | Found a radiant altar of Vehumet.
   176 | D        | Noticed Sonja
   179 | D        | HP: 2/68 [Sonja/uncursed dagger of distortion (2)]
   179 | D        | Slain by Sonja

Skill      XL: |  1  2  3  4 |
---------------+-------------+-----
Fighting       | 3 4 6 |  6.5
Dodging        | 3 5 6 |  6.5
Unarmed Combat | 4 6 8 |  8.4

Action                   |  1- 3 |  4- 6 || total
-------------------------+-------+-------++-------
Melee: Unarmed           |    12 |    16 ||    28
  Use: Potion            |       |     2 ||     2
  Eat: Chunk             |       |     1 ||     1
Armor: Animal skin       |     3 |     2 ||     5
Dodge: Dodged            |     5 |     2 ||     7
